 Dungeon Crawl Stone Soup version 0.28.0-62-gf88900778d (webtiles) character file.

Game seed: 9200398515383298690

357 cbfl8 the Chopper (level 6, -1/84 HPs)
             Began as a Minotaur Berserker on Mar 3, 2023.
             Was a Believer of Trog.
             Slain by an ogre
             ... wielding a +0 giant spiked club
              (26 damage)
             ... on level 4 of the Dungeon.
             The game lasted 00:04:04 (3528 turns).

cbfl8 the Chopper (Minotaur Berserker)              Turns: 3528, Time: 00:04:05

Health: -1/84      AC: 13    Str: 21    XL:     6   Next: 36%
Magic:  5/5        EV:  6    Int:  4    God:    Trog [**....]
Gold:   106        SH:  7    Dex: 12    Spells: 5/5 levels left

rFire   + . .      SeeInvis .   a - +0 hand axe
rCold   + . .      Faith    .   c - +0 kite shield {AC+3}
rNeg    . . .      Spirit   .   d - +0 chain mail
rPois   .          Reflect  .   (helmet restricted)
rElec   .          Harm     .   i - scarf {rC+ rF+}
rCorr   .          Rampage  .   (no gloves)
Will    .....                   h - +0 pair of boots
Stlth   ..........              (no amulet)
HPRegen 0.24/turn               (no ring)
MPRegen 0.09/turn               (no ring)

@: berserking, lethally poisoned (-1 -> -8), very quick
A: horns 2, retaliatory headbutt
a: Renounce Religion, Berserk, Trog's Hand


You were on level 4 of the Dungeon.
You worshipped Trog.
Trog was pleased with you.
You visited 1 branch of the dungeon, and saw 4 of its levels.

You collected 106 gold pieces.

Inventory:

Hand Weapons
 a - a +0 hand axe (weapon)
 e - a +0 executioner's axe
Armour
 c - a +0 kite shield of protection (worn)
 d - a +0 chain mail (worn)
 h - a +0 pair of boots (worn)
 i - a scarf of resistance (worn)
Wands
 m - a wand of mindburst (17) (quivered)
Scrolls
 f - 3 scrolls of summoning {unknown}
 j - 2 scrolls of identify {unknown}
 k - a scroll of blinking {unknown}
 l - a scroll of noise {unknown}
Potions
 b - 2 potions of mutation {unknown}
 g - a potion of resistance {unknown}


   Skills:
 * Level 5.1 Fighting
 * Level 6.4 Axes
 + Level 3.4 Armour
 + Level 2.7 Dodging
 + Level 0.1 Stealth
 + Level 0.7 Shields
 * Level 1.9 Evocations


You had 5 spell levels left.
You didn't know any spells.
Your spell library was empty.

Dungeon Overview and Level Annotations

Branches:
Dungeon (4/15)
 Temple: D:4-7

Altars:
Ashenzari
Cheibriados
Hepliaklqana
Zin

Shops:
D:2 *   D:3 *[[


Innate Abilities, Weirdness & Mutations

You have a pair of horns on your head.
You reflexively headbutt those who attack you in melee.


Message History

The adder is almost dead.
The adder bites you but does no damage.
An adder is nearby!
You closely miss the adder.
The adder is almost dead.
You block the adder's attack. The adder bites you.
An adder is nearby!
You closely miss the adder.
The adder is almost dead.
The adder bites you but does no damage.
An adder is nearby!
You hit the adder.
You kill the adder!
Trog accepts your kill.
An ogre comes into view. It is wielding a +0 giant spiked club.
The ogre shouts!
An adder comes into view.
The adder hisses angrily.
The ogre hits you with a +0 giant spiked club!!
There are monsters nearby!
You hit the ogre. You headbutt the ogre.
The ogre is moderately wounded.
You block the ogre's attack.
There are monsters nearby!
You hit the ogre.
The ogre is heavily wounded.
You miss the adder. The adder bites you but does no damage.
You block the ogre's attack. The adder bites you but does no damage.
There are monsters nearby!
You barely miss the ogre.
The ogre is heavily wounded.
You closely miss the adder. The adder bites you but does no damage.
The ogre hits you with a +0 giant spiked club!
A red film seems to cover your vision as you go berserk!
You feel yourself moving faster!
You feel mighty! The adder bites you.
* * * LOW HITPOINT WARNING * * *
You are poisoned.
The adder poisons you! The adder bites you but does no damage.
The ogre hits you with a +0 giant spiked club!!
You die...

####...# ####.#....#
.. ##...#.....# ..###
##....#....#.###.#.#
#.....#...###...#...
#....#.###.#....#...
#...###...#.....#...
#.###.#....#....#....
##.O@#.....#...###...
#...S#....#^###.#.###
#.....#...###...#.....
#....#.###.#....#.....
#...### #.....#.....
#.### #....#...... ##
#...###.....
#.###...###.# ##
........##


You could see an ogre and an adder.

Vanquished Creatures
  A water moccasin (D:4)
  A lemure (D:4)
  A scorpion (D:4)
  A jelly (D:3)
  A hound (D:4)
  4 adders
  4 gnolls (D:4)
  A worm (D:2)
  3 orcs
  6 endoplasms
  2 giant cockroaches
  5 goblins
  6 hobgoblins
  7 jackals
  5 kobolds
  4 quokkas
  2 ball pythons (D:2)
  6 bats
  A frilled lizard (D:1)
  4 rats
  A toadstool (D:1)
66 creatures vanquished.

Vanquished Creatures (others)
  3 toadstools (D:1)
3 creatures vanquished.

Grand Total: 69 creatures vanquished

Notes
Turn   | Place    | Note
-------+----------+-------------------------------------------
     0 | D:1      | cbfl8 the Minotaur Berserker began the quest for the Orb.
     0 | D:1      | Reached XP level 1. HP: 19/19 MP: 0/0
    75 | D:1      | Reached XP level 2. HP: 10/27 MP: 1/1
    76 | D:1      | Reached skill level 4 in Axes
   823 | D:2      | Reached XP level 3. HP: 24/34 MP: 2/2
  1042 | D:2      | Found Ephis's Assorted Antiques.
  1060 | D:2      | Found a faded altar of an unknown god.
  1066 | D:2      | Reached ** piety under Trog
  1560 | D:2      | Reached XP level 4. HP: 41/41 MP: 3/3
  1858 | D:3      | Reached skill level 1 in Evocations
  1947 | D:3      | Found Buruim's Armour Boutique.
  1973 | D:3      | Found Furredai's Antique Armour Shop.
  1996 | D:3      | Found a glowing silver altar of Zin.
  1996 | D:3      | Found a broken altar of Ashenzari.
  2196 | D:3      | Found a snail-covered altar of Cheibriados.
  2262 | D:3      | Found Rimuch's General Store.
  2455 | D:3      | Reached skill level 5 in Axes
  2515 | D:3      | Found a hazy altar of Hepliaklqana.
  2558 | D:4      | Noticed a lemure
  2562 | D:4      | Noticed a scorpion
  2576 | D:4      | Reached XP level 5. HP: 47/47 MP: 4/4
  2587 | D:4      | Killed a lemure
  2954 | D:4      | Reached skill level 6 in Axes
  3144 | D:4      | Noticed a water moccasin
  3149 | D:4      | Killed a water moccasin
  3150 | D:4      | Reached skill level 5 in Fighting
  3150 | D:4      | Reached XP level 6. HP: 56/56 MP: 5/5
  3528 | D:4      | Slain by an ogre

Illustrated notes

Levels and vault maps discovered:
D:1:      ldierk_water_garden, layout_rooms, interstate_on_off
D:2:      layout_basic, hellmonk_ecumenical_altar_leap_of_faith, serial_shops,
          nicolae_shop_hallway_stairs, amcnicky_mini_corridor_feature,
          minmay_fractal_squares_gapless_5
D:3:      layout_loops_ring, mainiacjoe_overflow_chevrons, marbit_many_paths,
          grunt_temple_overflow_open, serial_shops, shop, nicolae_shop_crystal,
          nicolae_square_shop
D:4:      nicolae_BIG_FREAKIN_CUBE, layout_basic, grunt_ministairs_14,
          uniq_pikel

Skill      XL: |  1  2  3  4  5 |
---------------+----------------+-----
Axes           | 4 5 6 |  6.4
Fighting       | 4 5 |  5.1
Evocations     | 1 |  1.9
Armour         | 3 |  3.4
Dodging        | |  2.7
Stealth        | |  0.1
Shields        | |  0.7

Action                   |  1- 3 |  4- 6 || total
-------------------------+-------+-------++-------
Melee: Hand axe          |    76 |    88 ||   164
       Headbutt          |     9 |    14 ||    23
Invok: Berserk           |     1 |     4 ||     5
Armor: Animal skin       |     3 |       ||     3
       Chain mail        |    39 |    48 ||    87
Dodge: Dodged            |    27 |    17 ||    44
Block: Kite shield       |    13 |    27 ||    40
